 Dungeon Crawl Stone Soup version 0.23.2-30-g0e89c35649 (webtiles) character file.

Game seed: 11708415166269302282

302 1994 the Chopper (level 6, -5/47 HPs)
             Began as a Formicid Warper on June 12, 2019.
             Killed by divine providence
             ... invoked by an orc priest
              (12 damage)
             ... on level 4 of the Dungeon.
             The game lasted 00:23:52 (4697 turns).

1994 the Chopper (Formicid Warper)                  Turns: 4697, Time: 00:23:52

Health: -5/47      AC: 10    Str: 17    XL:     6   Next: 65%
Magic:  11/11      EV:  7    Int: 13    God:
Gold:   107        SH:  0    Dex: 10    Spells: 2/11 levels left

rFire    . . .     SeeInvis +   a - +0 hand axe
rCold    . . .     Gourm    .   (no shield)
rNeg     . . .     Faith    .   b - +0 chain mail (curse)
rPois    .         Spirit   .   (helmet unavailable)
rElec    .         Reflect  .   p - +0 cloak
rCorr    .         Harm     .   (no gloves)
MR       .....                  (no boots)
Stlth    ..........             (no amulet)
HPRegen  0.15/turn              (no ring)
MPRegen  0.12/turn              (no ring)

@: no status effects
A: permanent stasis, dig shafts and tunnels, four strong arms, antennae 3
a: Dig, Shaft Self


You were on level 4 of the Dungeon.
You were near starving.

You visited 1 branch of the dungeon, and saw 4 of its levels.

You collected 107 gold pieces.

Inventory:

Hand Weapons
 a - a +0 hand axe (weapon)
Missiles
 c - 194 stones
 e - 4 tomahawks of dispersal (quivered)
 t - 18 sling bullets
Armour
 b - a cursed +0 chain mail (worn)
 h - a +0 plate armour
 m - a +0 ring mail
 p - a +0 cloak (worn)
Scrolls
 d - a scroll of fear {unknown}
 j - a scroll of amnesia {unknown}
 l - a scroll of enchant armour {unknown}
 q - 2 scrolls of fog
 s - a scroll of remove curse {unknown}
Potions
 g - 2 potions of curing
 i - a potion of cancellation
 k - a potion of heal wounds
 n - a potion of might
 o - 3 potions of brilliance
Comestibles
 f - 3 rations


   Skills:
 + Level 3.4 Fighting
 * Level 4.0 Axes
 - Level 1.0 Throwing
 + Level 2.7 Armour
 - Level 2.1 Dodging
 + Level 3.3 Spellcasting
 + Level 3.3 Translocations


You had 2 spell levels left.
You knew the following spells:

 Your Spells              Type           Power        Failure   Level  Hunger
a - Shroud of Golubria    Chrm/Tloc      #.........   95%         2    ##.....
b - Teleport Other        Tloc           ##......     95%         3    ###....
c - Passage of Golubria   Tloc           N/A          100%        4    #####..

Your spell library contained the following spells:

 Spells                   Type           Power        Failure   Level  Hunger
 Gell's Gravitas          Tloc           ##........   95%         3    ###....
 Lesser Beckoning         Tloc           ##........   95%         3    ###....
 Blink                    Tloc           Unusable     N/A         2    N/A

Dungeon Overview and Level Annotations

Branches:
Dungeon (4/15)
 Temple: D:4-7

Altars:
Makhleb
Okawaru
The Shining One

Annotations:
D:3 Sigmund
D:4 ogres


Innate Abilities, Weirdness & Mutations

You cannot be hasted, slowed, berserked, paralysed or teleported.
You can dig through walls and to a lower floor.
Your four strong arms can wield two-handed weapons with a shield.
You have a pair of large antennae on your head. (SInv)


Message History

The orc wizard hits you but does no damage.
The orc priest hits you but does no damage.
Unknown command.
You closely miss the orc priest.
The orc priest is lightly wounded.
You barely miss the orc wizard.
The orc wizard hits you but does no damage.
The orc wizard hits you with a +0 dagger.
The orc priest calls down the wrath of Beogh upon you.
Pain shoots through your body!
* * * LOW HITPOINT WARNING * * *
Unknown command.
You closely miss the orc priest.
The orc priest is lightly wounded.
You hit the orc wizard.
The orc wizard hits you with a +0 dagger.
* * * LOW HITPOINT WARNING * * *
The orc priest mumbles some strange prayers to Beogh against you.
Beogh smites you!
You die...

##.......... #
#.######.## #.# # #O#
.... #.# ..... #.##
......#### #...
.....{..o################
.....###o............<...
... #@################
..o.?###o# # #....#
##.#.# ####### #.#.#
#.....> #.#.# #.#####
#.#.# # ....# #.###


You could see an orc priest and 2 orc wizards.

Vanquished Creatures
  A phantom (D:4)
  2 orc wizards (D:3)
  8 adders
  3 oozes
  3 dart slugs
  3 leopard geckos
  2 orcs (D:3)
  4 giant cockroaches
  5 goblins
  7 hobgoblins
  8 jackals
  2 ball pythons
  12 bats
  4 kobolds
  A quokka zombie (D:3)
  4 rats
69 creatures vanquished.

Notes
Turn   | Place    | Note
-------+----------+-------------------------------------------
     0 | D:1      | 1994 the Formicid Warper began the quest for the Orb.
     0 | D:1      | Reached XP level 1. HP: 16/16 MP: 3/3
   156 | D:1      | Reached XP level 2. HP: 21/23 MP: 5/5
   196 | D:1      | Found a glowing golden altar of the Shining One.
   459 | D:1      | Reached XP level 3. HP: 28/28 MP: 6/6
   468 | D:1      | Learned a level 2 spell: Shroud of Golubria
   472 | D:1      | Learned a level 3 spell: Teleport Other
  1321 | D:2      | Found a burning altar of Makhleb.
  1591 | D:2      | Reached XP level 4. HP: 10/34 MP: 7/7
  1896 | D:2      | Reached skill level 3 in Axes
  2829 | D:3      | Found an iron altar of Okawaru.
  2850 | D:3      | Reached XP level 5. HP: 30/40 MP: 9/9
  2860 | D:3      | Learned a level 4 spell: Passage of Golubria
  2979 | D:3      | Noticed Sigmund
  3135 | D:4      | Noticed a phantom
  3226 | D:4      | Killed a phantom
  3226 | D:4      | Reached XP level 6. HP: 28/47 MP: 10/10
  3438 | D:4      | Noticed an ogre
  3735 | D:3      | Reached skill level 4 in Axes
  4291 | D:4      | Noticed an ogre
  4540 | D:4      | Noticed an ogre
  4697 | D:4      | Killed from afar by an orc priest

Skill      XL: |  1  2  3  4  5  6 |
---------------+-------------------+-----
Dodging        | 2 |  2.1
Axes           | 3 4 |  4.0
Translocations | 3 |  3.3
Armour         | 2 |  2.7
Fighting       | 3 |  3.4
Spellcasting   | 3 |  3.3
Throwing       | |  1.0

Action                   |  1- 3 |  4- 6 || total
-------------------------+-------+-------++-------
Melee: Hand axe          |   157 |   254 ||   411
Throw: Tomahawk          |       |     1 ||     1
  Use: Potion            |     2 |       ||     2
       Scroll            |       |     6 ||     6
  Eat: Chunk             |     2 |     9 ||    11
Armor: Plate armour      |    57 |       ||    57
       Chain mail        |    68 |   213 ||   281
       Ring mail         |    28 |       ||    28
Dodge: Dodged            |    77 |    96 ||   173
